PBL
VICTORIA CAPITALS @ OAKLAND OAKS
10/02/2046
 
TOP OF THE 1ST
Victoria Capitals batting - Pitching for Oakland Oaks : RHP Ricky Lopez
Pitching: RHP Ricky Lopez
Batting: SHB Raghnall Ahearne 0-0: Ball
1-0: Ball
2-0: Ball
3-0: Called Strike
3-1: Ground out 4-3 (Groundball, 4, EV 100.0 MPH)
Batting: RHB Chris Skaff 0-0: Ball
1-0: Called Strike
1-1: Ball
2-1: Ball
3-1: Ground out U3 (Groundball, 3, EV 94.4 MPH)
Batting: LHB Jason Kinney 0-0: Ball
1-0: Ground out U3 (Groundball, 3, EV 76.9 MPH)
Top of the 1st over - 0 runs, 0 hits, 0 errors, 0 left on base; Victoria 0 - Oakland 0
BOTTOM OF THE 1ST
Oakland Oaks batting - Pitching for Victoria Capitals : RHP Terry Jeffrey
Pitching: RHP Terry Jeffrey
Batting: RHB Chris Bohm 0-0: Ball
1-0: Ball
2-0: Ball
3-0: Called Strike
3-1: Called Strike
3-2: Foul Ball, location: 2F
3-2: Strikes out looking and he ARGUES THE CALL AND IS TOSSED!
Batting: RHB Scott Lister 0-0: Called Strike
0-1: Called Strike
0-2: Ball
1-2: Ball
2-2: Strikes out swinging
Batting: LHB Felipe Gomez 0-0: Ball
1-0: Called Strike
1-1: Ball
2-1: Ball
3-1: Base on Balls
Batting: LHB Ed Talamantes 0-0: Called Strike
0-1: Ball
1-1: Called Strike
1-2: TRIPLE (Line Drive, 78XD, EV 105.0 MPH)
Felipe Gomez scores
Batting: RHB Chris Temple 0-0: Foul Ball, location: 2F
0-1: 2-RUN HOME RUN (Flyball, 7LD, EV 93.8 MPH), Distance : 353 ft
Batting: LHB Marcus Pollard 0-0: Called Strike
0-1: SINGLE (Line Drive, 4M, EV 102.5 MPH)
Batting: RHB Don Burt 0-0: Ball
Marcus Pollard steals 2nd base
1-0: Foul Ball, location: 2F
1-1: Ball
2-1: Ground out 6-3 (Groundball, 6, EV 98.1 MPH)
Bottom of the 1st over - 3 runs, 3 hits, 0 errors, 1 left on base; Victoria 0 - Oakland 3
TOP OF THE 2ND
Victoria Capitals batting - Pitching for Oakland Oaks : RHP Ricky Lopez
Now in CF: Wade Diamond
Batting: LHB Chris Jackson 0-0: Foul Ball, location: 2F
0-1: Called Strike
0-2: Foul Ball, location: 2F
0-2: Ball
1-2: Strikes out swinging
Batting: RHB Jose Zuniga 0-0: Ball
1-0: Ball
2-0: Called Strike
2-1: Fly out, F8 (Line Drive, 8RM, EV 91.9 MPH)
Batting: LHB William Gonzales 0-0: Ball
1-0: Foul Ball, location: 2F
1-1: Ball
2-1: Ground out U3 (Groundball, 3, EV 98.8 MPH)
Top of the 2nd over - 0 runs, 0 hits, 0 errors, 0 left on base; Victoria 0 - Oakland 3
BOTTOM OF THE 2ND
Oakland Oaks batting - Pitching for Victoria Capitals : RHP Terry Jeffrey
Batting: RHB Travis Robinson 0-0: Called Strike
0-1: Ball
1-1: Fly out, F8 (Flyball, 8LD, EV 67.5 MPH)
Batting: RHB Tim Anderson 0-0: Ground out 6-3 (Groundball, 6, EV 91.2 MPH)
Batting: RHB Wade Diamond 0-0: Ball
1-0: DOUBLE (Line Drive, 89XD, EV 102.5 MPH)
Batting: RHB Scott Lister 0-0: Called Strike
0-1: Ball
1-1: Reached on error, E6 (Groundball, 56, EV 102.5 MPH)
Wade Diamond to third
Batting: LHB Felipe Gomez 0-0: Ball
1-0: Ball
2-0: Foul Ball, location: 2F
2-1: Foul Ball, location: 2F
2-2: Ball
3-2: Foul Ball, location: 2F
3-2: Fly out, F8 (Line Drive, 8RM, EV 95.0 MPH)
Bottom of the 2nd over - 0 runs, 1 hit, 1 error, 2 left on base; Victoria 0 - Oakland 3
TOP OF THE 3RD
Victoria Capitals batting - Pitching for Oakland Oaks : RHP Ricky Lopez
Batting: LHB Ryan Daniels 0-0: Called Strike
0-1: Ball
1-1: Swinging Strike
1-2: Strikes out looking
Batting: RHB Eddie Luna 0-0: Ball
1-0: Ground out 4-3 (Groundball, 4, EV 101.9 MPH)
Batting: RHB Ziven Badersky 0-0: Fly out, F8 (Flyball, 78M, EV 87.5 MPH)
Top of the 3rd over - 0 runs, 0 hits, 0 errors, 0 left on base; Victoria 0 - Oakland 3
BOTTOM OF THE 3RD
Oakland Oaks batting - Pitching for Victoria Capitals : RHP Terry Jeffrey
Batting: LHB Ed Talamantes 0-0: Ball
1-0: Ball
2-0: Ball
3-0: Base on Balls
Batting: RHB Chris Temple 0-0: Fly out, F8 (Flyball, 8RS, EV 94.4 MPH)
Batting: LHB Marcus Pollard 0-0: Called Strike
0-1: Swinging Strike
0-2: SINGLE (Groundball, 6D, EV 101.9 MPH)
Ed Talamantes to second
Batting: RHB Don Burt 0-0: Ball
1-0: Ball
2-0: Ball
3-0: Base on Balls
Ed Talamantes to third
Marcus Pollard to second
Batting: RHB Travis Robinson 0-0: Ball
1-0: Called Strike
1-1: Swinging Strike
1-2: Foul Ball, location: 2F
1-2: Strikes out swinging
Batting: RHB Tim Anderson 0-0: Ball
1-0: DOUBLE (Popup, 4MD, EV 71.2 MPH)
Ed Talamantes scores
Marcus Pollard scores
Don Burt to third
Batting: RHB Wade Diamond 0-0: Ball
1-0: Foul Ball, location: 2F
1-1: Ball
2-1: Ball
3-1: Foul Ball, location: 2F
3-2: Fly out, F8 (Flyball, 8LS, EV 89.4 MPH)
Bottom of the 3rd over - 2 runs, 2 hits, 0 errors, 2 left on base; Victoria 0 - Oakland 5
TOP OF THE 4TH
Victoria Capitals batting - Pitching for Oakland Oaks : RHP Ricky Lopez
Batting: SHB Raghnall Ahearne 0-0: Called Strike
0-1: Ground out 6-3 (Groundball, 6S, EV 86.2 MPH)
Batting: RHB Chris Skaff 0-0: Foul Ball, location: 2F
0-1: Ball
1-1: Foul Ball, location: 2F
1-2: Ball
2-2: DOUBLE (Line Drive, 3D, EV 103.1 MPH)
Batting: LHB Jason Kinney 0-0: Ball
1-0: Called Strike
1-1: Called Strike
1-2: Strikes out looking
Batting: LHB Chris Jackson 0-0: Ball
1-0: Called Strike
1-1: Swinging Strike
1-2: Foul Ball, location: 2F
1-2: Strikes out swinging
Top of the 4th over - 0 runs, 1 hit, 0 errors, 1 left on base; Victoria 0 - Oakland 5
BOTTOM OF THE 4TH
Oakland Oaks batting - Pitching for Victoria Capitals : RHP Terry Jeffrey
Batting: RHB Scott Lister 0-0: Foul Ball, location: 2F
0-1: Called Strike
0-2: Ball
1-2: Strikes out swinging
Batting: LHB Felipe Gomez 0-0: Called Strike
0-1: Ball
1-1: Called Strike
1-2: SOLO HOME RUN (Flyball, 7LD, EV 91.2 MPH), Distance : 331 ft
Pitching: RHP Domingo Maldonado
Batting: LHB Ed Talamantes 0-0: Ball
1-0: Ball
2-0: Ball
3-0: Called Strike
3-1: Swinging Strike
3-2: Fly out, F7 (Flyball, 7LM, EV 104.4 MPH)
Batting: RHB Chris Temple 0-0: Foul Ball, location: 2F
0-1: Swinging Strike
0-2: Foul Ball, location: 2F
0-2: Ball
1-2: Ground out 5-3 (Groundball, 5, EV 86.9 MPH)
Bottom of the 4th over - 1 run, 1 hit, 0 errors, 0 left on base; Victoria 0 - Oakland 6
TOP OF THE 5TH
Victoria Capitals batting - Pitching for Oakland Oaks : RHP Ricky Lopez
Batting: RHB Jose Zuniga 0-0: Called Strike
0-1: Ground out 5-3 (Groundball, 5, EV 107.5 MPH)
Batting: LHB William Gonzales 0-0: Ball
1-0: Ball
2-0: Ball
3-0: Called Strike
3-1: Called Strike
3-2: Strikes out swinging, 2-3 out at first.
Batting: LHB Ryan Daniels 0-0: Called Strike
0-1: Foul Ball, location: 2F
0-2: Ball
1-2: Ball
2-2: Foul Ball, location: 2F
2-2: Ball
3-2: Foul Ball, location: 2F
3-2: Foul Ball, location: 2F
3-2: Strikes out looking
Top of the 5th over - 0 runs, 0 hits, 0 errors, 0 left on base; Victoria 0 - Oakland 6
BOTTOM OF THE 5TH
Oakland Oaks batting - Pitching for Victoria Capitals : RHP Domingo Maldonado
Batting: LHB Marcus Pollard 0-0: Ball
1-0: Called Strike
1-1: Foul Ball, location: 2F
1-2: Strikes out swinging
Batting: RHB Don Burt 0-0: Ball
1-0: Ball
2-0: Ball
3-0: Base on Balls
Batting: RHB Travis Robinson 0-0: Swinging Strike
0-1: Foul Ball, location: 2F
0-2: Ball
1-2: Ball
2-2: Foul Ball, location: 2F
2-2: Fly out, F9 (Flyball, 9S, EV 89.4 MPH)
Batting: RHB Tim Anderson 0-0: Ball
1-0: Swinging Strike
1-1: Called Strike
1-2: Ball
Don Burt is caught stealing 2nd base 2-4
Bottom of the 5th over - 0 runs, 0 hits, 0 errors, 0 left on base; Victoria 0 - Oakland 6
TOP OF THE 6TH
Victoria Capitals batting - Pitching for Oakland Oaks : RHP Ricky Lopez
Batting: RHB Eddie Luna 0-0: Foul Ball, location: 2F
0-1: Fly out, F8 (Flyball, 8RD, EV 91.9 MPH)
Batting: RHB Ziven Badersky 0-0: Foul Ball, location: 2F
0-1: Ground out 1-3 (Groundball, 15S, EV 68.1 MPH)
Batting: SHB Raghnall Ahearne 0-0: Ball
1-0: Ball
2-0: Called Strike
2-1: Fly out, F9 (Line Drive, 9S, EV 103.8 MPH)
Top of the 6th over - 0 runs, 0 hits, 0 errors, 0 left on base; Victoria 0 - Oakland 6
BOTTOM OF THE 6TH
Oakland Oaks batting - Pitching for Victoria Capitals : RHP Domingo Maldonado
Batting: RHB Tim Anderson 0-0: Ball
1-0: Ball
2-0: Ball
3-0: Called Strike
3-1: Foul Ball, location: 2F
3-2: Foul Ball, location: 2F
3-2: Foul Ball, location: 2F
3-2: Foul Ball, location: 2F
3-2: Fly out, F5 (Line Drive, 5, EV 70.0 MPH)
Pitching: RHP Ruben Mendoza
Batting: RHB Wade Diamond 0-0: Called Strike
0-1: Ground out 6-3 (Groundball, 6M, EV 81.2 MPH)
Batting: RHB Scott Lister 0-0: Ball
1-0: Foul Ball, location: 2F
1-1: Foul Ball, location: 2F
1-2: Strikes out swinging
Bottom of the 6th over - 0 runs, 0 hits, 0 errors, 0 left on base; Victoria 0 - Oakland 6
TOP OF THE 7TH
Victoria Capitals batting - Pitching for Oakland Oaks : RHP Ricky Lopez
Batting: RHB Chris Skaff 0-0: Called Strike
0-1: Ball
1-1: Ball
2-1: Swinging Strike
2-2: Ground out 4-3 (Groundball, 4, EV 84.4 MPH)
Batting: LHB Jason Kinney 0-0: Ball
1-0: Fly out, F5 (Popup, 5SF, EV 82.5 MPH)
Batting: LHB Chris Jackson 0-0: Ball
1-0: Ball
2-0: DOUBLE (Flyball, 7LD, EV 108.1 MPH)
Pitching: RHP Kian-tat Guao
Batting: RHB Jose Zuniga 0-0: Ball
1-0: Ball
2-0: Foul Ball, location: 2F
2-1: Ball
3-1: Called Strike
3-2: Strikes out swinging
Top of the 7th over - 0 runs, 1 hit, 0 errors, 1 left on base; Victoria 0 - Oakland 6
BOTTOM OF THE 7TH
Oakland Oaks batting - Pitching for Victoria Capitals : RHP Ruben Mendoza
Batting: LHB Felipe Gomez 0-0: SOLO HOME RUN (Flyball, 9D, EV 105.0 MPH), Distance : 402 ft
Pinch Hitting: RHB Emiel Schlepers 0-0: Fly out, F8 (Flyball, 8RD, EV 108.1 MPH)
Batting: RHB Chris Temple 0-0: SINGLE (Line Drive, 9S, EV 86.2 MPH)
Batting: LHB Marcus Pollard 0-0: Called Strike
0-1: Foul Ball, location: 2F
0-2: Foul Ball, location: 2F
0-2: Ball
1-2: SINGLE (Line Drive, 8RS, EV 108.1 MPH)
Chris Temple to second
Batting: RHB Don Burt 0-0: Called Strike
0-1: Ball
1-1: Called Strike
1-2: SINGLE (Line Drive, 56D, EV 95.6 MPH)
Chris Temple to third
Marcus Pollard to second
Pinch Hitting: RHB Alberto Malagon 0-0: Ball
1-0: Ball
2-0: Foul Ball, location: 2F
2-1: Foul Ball, location: 2F
2-2: Ball
3-2: Foul Ball, location: 2F
3-2: Strikes out looking
Pinch Hitting: RHB Mike Gangi 0-0: Foul Ball, location: 2F
0-1: Called Strike
0-2: Ball
1-2: Foul Ball, location: 2F
1-2: Foul Ball, location: 2F
1-2: Foul Ball, location: 2F
1-2: Ball
2-2: SINGLE (Flyball, 89S, EV 95.0 MPH)
Chris Temple scores
Marcus Pollard to third
Don Burt to second
Runner from 3rd tries for Home, SAFE, throw by CF to home
Pitching: RHP Frank Kats
Batting: RHB Wade Diamond 0-0: Fly out, F9 (Flyball, 9D, EV 91.2 MPH)
Bottom of the 7th over - 3 runs, 5 hits, 0 errors, 2 left on base; Victoria 0 - Oakland 9
TOP OF THE 8TH
Victoria Capitals batting - Pitching for Oakland Oaks : RHP Kian-tat Guao
Now at 1B: Jon Coakley
Now at 3B: Alberto Malagon
Now at SS: Emiel Schlepers
Batting: LHB William Gonzales 0-0: Hit by Pitch
Batting: LHB Ryan Daniels 0-0: Foul Ball, location: 2F
0-1: Called Strike
0-2: Ball
1-2: Ball
2-2: Strikes out looking
Batting: RHB Eddie Luna 0-0: Ball
1-0: Swinging Strike
1-1: Foul Ball, location: 2F
1-2: Foul Ball, location: 2F
1-2: Strikes out swinging
Batting: RHB Ziven Badersky 0-0: Ball
1-0: Ball
2-0: Ball
3-0: Base on Balls
William Gonzales to second
Batting: SHB Raghnall Ahearne 0-0: Ball
1-0: Foul Ball, location: 2F
1-1: Swinging Strike
1-2: Strikes out swinging
Top of the 8th over - 0 runs, 0 hits, 0 errors, 2 left on base; Victoria 0 - Oakland 9
BOTTOM OF THE 8TH
Oakland Oaks batting - Pitching for Victoria Capitals : RHP Frank Kats
Pinch Hitting: RHB Rusty Prodoehl 0-0: Ball
1-0: Foul Ball, location: 2F
1-1: Ball
2-1: Foul Ball, location: 2F
2-2: DOUBLE (Groundball, 5L, EV 103.1 MPH)
Pinch Hitting: RHB Sergio Torres 0-0: Ball
1-0: Ball
2-0: Ball
3-0: Called Strike
3-1: Swinging Strike
3-2: Foul Ball, location: 2F
3-2: Foul Ball, location: 2F
3-2: Reached on error, E5 (Groundball, 5, EV 80.6 MPH)
Rusty Prodoehl scores
Batting: RHB Emiel Schlepers 0-0: Ball
1-0: Called Strike
1-1: Called Strike
1-2: Ball
2-2: Strikes out looking
Batting: RHB Chris Temple 0-0: Ball
1-0: Ball
2-0: Foul Ball, location: 2F
2-1: Called Strike
2-2: Ball
3-2: Base on Balls
Batting: LHB Marcus Pollard 0-0: Ball
1-0: Ball
2-0: Grounds into double play, 6-4-3 (Groundball, 6, EV 103.1 MPH)
Bottom of the 8th over - 1 run, 1 hit, 1 error, 1 left on base; Victoria 0 - Oakland 10
TOP OF THE 9TH
Victoria Capitals batting - Pitching for Oakland Oaks : RHP Kian-tat Guao
Now at 2B: Steve Salafia
Now in LF: Walt Alaniz
Now in RF: Marcus Pollard
Pinch Hitting: RHB Jung-wan Aan 0-0: Called Strike
0-1: Foul Ball, location: 2F
0-2: Strikes out looking
Batting: LHB Jason Kinney 0-0: Called Strike
0-1: Called Strike
0-2: Strikes out looking
Batting: LHB Chris Jackson 0-0: Called Strike
0-1: Called Strike
0-2: Ball
1-2: SOLO HOME RUN (Flyball, 78XD, EV 114.4 MPH), Distance : 437 ft
Batting: RHB Jose Zuniga 0-0: Ball
1-0: Called Strike
1-1: Foul Ball, location: 2F
1-2: Ball
2-2: Foul Ball, location: 2F
2-2: Ball
3-2: Strikes out looking
Top of the 9th over - 1 run, 1 hit, 0 errors, 0 left on base; Victoria 1 - Oakland 10
Tuesday, September 13th , 2022 - OOTP Baseball 23.7 Build 88